TOP OF THE 1ST |
Louisiana State Tigers batting - Pitching for Baylor Bears : RHP Joe Cote
|
Pitching: RHP Joe Cote
|
|
Batting: RHB Fernando Rodríguez
|
0-0: Ball 1-0: Called Strike 1-1: Ball 2-1: Ground out U3 (Groundball, 34S)
|
Batting: RHB Devin Taylor
|
0-0: SINGLE (Line Drive, 4)
|
Batting: LHB Jerry Flatt
|
0-0: Ball 1-0: Ball 2-0: Ball 3-0: Base on Balls Devin Taylor to second
|
Batting: LHB Enrique Carrillo
|
0-0: Ball 1-0: Ball 2-0: Called Strike 2-1: Ball 3-1: Fly out, F9 (Flyball, 9LS)
|
Batting: LHB Mark Potter
|
0-0: Called Strike 0-1: Called Strike 0-2: Ball 1-2: Foul Ball, location: 2F 1-2: Ball Wild Pitch! Devin Taylor to third Jerry Flatt to second 2-2: Strikes out looking
|
Top of the 1st over - 0 runs, 1 hit, 0 errors, 2 left on base; Louisiana State 0 - Baylor 0 |
BOTTOM OF THE 1ST |
Baylor Bears batting - Pitching for Louisiana State Tigers : RHP Ron Williams
|
Pitching: RHP Ron Williams
|
|
Batting: RHB Reed Allen
|
0-0: Called Strike 0-1: Swinging Strike 0-2: Strikes out looking
|
Batting: RHB Richard Jeffries
|
0-0: Ball 1-0: Called Strike 1-1: Foul Ball, location: 2F 1-2: Strikes out looking
|
Batting: RHB Gerald Taylor
|
0-0: Called Strike 0-1: Ball 1-1: Foul Ball, location: 2F 1-2: Ball 2-2: SINGLE (Groundball, 6D)
|
Batting: LHB Sergio García
|
0-0: Ball 1-0: Swinging Strike 1-1: Ball 2-1: Foul Ball, location: 2F 2-2: Ball 3-2: Foul Ball, location: 2F 3-2: SINGLE (Groundball, 3) (infield hit) Gerald Taylor to second
|
Batting: LHB Alan Jones
|
0-0: Ball 1-0: Ball 2-0: Ball 3-0: Called Strike 3-1: Base on Balls Gerald Taylor to third Sergio García to second
|
Batting: RHB Doug Carter
|
0-0: DOUBLE (Line Drive, 7LM) Gerald Taylor scores Sergio García scores Alan Jones to third
|
Batting: RHB Denny Dennis
|
0-0: Ball 1-0: Ball 2-0: Called Strike 2-1: Ground out 4-3 (Groundball, 4M)
|
Bottom of the 1st over - 2 runs, 3 hits, 0 errors, 2 left on base; Louisiana State 0 - Baylor 2 |
TOP OF THE 2ND |
Louisiana State Tigers batting - Pitching for Baylor Bears : RHP Joe Cote
|
Batting: LHB Rick Owens
|
0-0: Called Strike 0-1: Foul Ball, location: 2F 0-2: Ball 1-2: SOLO HOME RUN (Flyball, 9LD), Distance : 315 ft
|
Batting: LHB José Soriano
|
0-0: Ball 1-0: Called Strike 1-1: Called Strike 1-2: Ball 2-2: Strikes out swinging
|
Batting: RHB Bill Sharp
|
0-0: Ball 1-0: Ball 2-0: Called Strike 2-1: Fly out, F8 (Flyball, 8RM)
|
Batting: RHB Ethan Ramos
|
0-0: SINGLE (Line Drive, 78M)
|
Batting: RHB Fernando Rodríguez
|
0-0: Called Strike 0-1: Ball 1-1: Ball Throwing error on steal attempt, E2 Ethan Ramos to third 2-1: Fly out, F9 (Flyball, 89D)
|
Top of the 2nd over - 1 run, 2 hits, 1 error, 1 left on base; Louisiana State 1 - Baylor 2 |
BOTTOM OF THE 2ND |
Baylor Bears batting - Pitching for Louisiana State Tigers : RHP Ron Williams
|
Batting: RHB Will Harris
|
0-0: Ball 1-0: Called Strike 1-1: Foul Ball, location: 2F 1-2: Fly out, F7 (Flyball, 78D)
|
Batting: RHB Will Acuff
|
0-0: Ball 1-0: Called Strike 1-1: Ball 2-1: Ball 3-1: Ground out 5-3 (Groundball, 5)
|
Batting: RHB Reed Allen
|
0-0: Ball 1-0: Ball 2-0: Called Strike 2-1: Ball 3-1: Foul Ball, location: 2F 3-2: Foul Ball, location: 2F 3-2: Ground out 3-1 (Groundball, 34)
|
Bottom of the 2nd over - 0 runs, 0 hits, 0 errors, 0 left on base; Louisiana State 1 - Baylor 2 |
TOP OF THE 3RD |
Louisiana State Tigers batting - Pitching for Baylor Bears : RHP Joe Cote
|
Batting: RHB Devin Taylor
|
0-0: Swinging Strike 0-1: Foul Ball, location: 2F 0-2: Foul Ball, location: 2F 0-2: Ball 1-2: Ground out 6-3 (Groundball, 6)
|
Batting: LHB Jerry Flatt
|
0-0: Fly out, F3 (Popup, 3SF)
|
Batting: LHB Enrique Carrillo
|
0-0: Foul Ball, location: 2F 0-1: Fly out, F9 (Flyball, 89D)
|
Top of the 3rd over - 0 runs, 0 hits, 0 errors, 0 left on base; Louisiana State 1 - Baylor 2 |
BOTTOM OF THE 3RD |
Baylor Bears batting - Pitching for Louisiana State Tigers : RHP Ron Williams
|
Batting: RHB Richard Jeffries
|
0-0: Ball 1-0: Foul Ball, location: 2F 1-1: Ball 2-1: Ball 3-1: Foul Ball, location: 2F 3-2: Base on Balls
|
Batting: RHB Gerald Taylor
|
0-0: Ball 1-0: Ball 2-0: Ball 3-0: Base on Balls Richard Jeffries to second
|
Batting: LHB Sergio García
|
0-0: Ball 1-0: Ball 2-0: Ball 3-0: Base on Balls Richard Jeffries to third Gerald Taylor to second
|
Batting: LHB Alan Jones
|
0-0: Ball Wild Pitch! Richard Jeffries scores Gerald Taylor to third Sergio García to second 1-0: Ball 2-0: Swinging Strike 2-1: Foul Ball, location: 2F 2-2: Strikes out looking
|
Batting: RHB Doug Carter
|
0-0: Called Strike 0-1: Ball 1-1: Fly out, F9 (Flyball, 9D) Runner from 3rd tags up, SCORES, no throw
|
Batting: RHB Denny Dennis
|
0-0: Called Strike 0-1: Ball 1-1: Fly out, F8 (Flyball, 8RD)
|
Bottom of the 3rd over - 2 runs, 0 hits, 0 errors, 1 left on base; Louisiana State 1 - Baylor 4 |
TOP OF THE 4TH |
Louisiana State Tigers batting - Pitching for Baylor Bears : RHP Joe Cote
|
Batting: LHB Mark Potter
|
0-0: Ball 1-0: Called Strike 1-1: Ball 2-1: SINGLE (Groundball, 56D)
|
Batting: LHB Rick Owens
|
0-0: Swinging Strike 0-1: Ball 1-1: Ball 2-1: Foul Ball, location: 2F 2-2: Strikes out swinging
|
Batting: LHB José Soriano
|
0-0: Ball 1-0: Foul Ball, location: 2F 1-1: Foul Ball, location: 2F 1-2: Strikes out looking Mark Potter steals 2nd base Batter strikes out.
|
Batting: RHB Bill Sharp
|
0-0: Called Strike 0-1: Ball 1-1: Ball 2-1: 2-RUN HOME RUN (Line Drive, 8RXD), Distance : 415 ft
|
Batting: RHB Ethan Ramos
|
0-0: Ball 1-0: Ball 2-0: Ball 3-0: Called Strike 3-1: Fly out, F8 (Flyball, 89D)
|
Top of the 4th over - 2 runs, 2 hits, 0 errors, 0 left on base; Louisiana State 3 - Baylor 4 |
BOTTOM OF THE 4TH |
Baylor Bears batting - Pitching for Louisiana State Tigers : RHP Ron Williams
|
Batting: RHB Will Harris
|
0-0: Ball 1-0: Ball 2-0: Foul Ball, location: 2F 2-1: Ball 3-1: Called Strike 3-2: Base on Balls
|
Batting: RHB Will Acuff
|
0-0: Ball 1-0: Ball 2-0: Ball 3-0: Base on Balls Will Harris to second
|
Pitching: RHP Marc Matos
|
|
Batting: RHB Reed Allen
|
0-0: Called Strike 0-1: Grounds into double play, U5-3 (Groundball, 5L) Will Acuff to second
|
Batting: RHB Richard Jeffries
|
0-0: Ball 1-0: Ball 2-0: Called Strike 2-1: Ball 3-1: Base on Balls
|
Batting: RHB Gerald Taylor
|
0-0: Ball 1-0: Swinging Strike 1-1: DOUBLE (Line Drive, 78XD) Will Acuff scores Richard Jeffries to third
|
Batting: LHB Sergio García
|
0-0: Called Strike 0-1: Foul Ball, location: 2F 0-2: Strikes out swinging
|
Bottom of the 4th over - 1 run, 1 hit, 0 errors, 2 left on base; Louisiana State 3 - Baylor 5 |
TOP OF THE 5TH |
Louisiana State Tigers batting - Pitching for Baylor Bears : RHP Joe Cote
|
Batting: RHB Fernando Rodríguez
|
0-0: Swinging Strike 0-1: Ground out 1-3 (Groundball, 15S)
|
Batting: RHB Devin Taylor
|
0-0: Called Strike 0-1: Ground out 3-1 (Groundball, 34S)
|
Batting: LHB Jerry Flatt
|
Error on foul ball, E3 0-1: Ball 1-1: Swinging Strike 1-2: Ball 2-2: Strikes out looking
|
Top of the 5th over - 0 runs, 0 hits, 1 error, 0 left on base; Louisiana State 3 - Baylor 5 |
BOTTOM OF THE 5TH |
Baylor Bears batting - Pitching for Louisiana State Tigers : RHP Marc Matos
|
Batting: LHB Alan Jones
|
0-0: Ball 1-0: Ball 2-0: SOLO HOME RUN (Flyball, 7LD), Distance : 337 ft
|
Batting: RHB Doug Carter
|
0-0: Ball 1-0: SINGLE (Groundball, 56D)
|
Batting: RHB Denny Dennis
|
0-0: Ball 1-0: Called Strike 1-1: Ball 2-1: Foul Ball, location: 2F 2-2: SINGLE (Groundball, 56S) (infield hit) Doug Carter to second
|
Batting: RHB Will Harris
|
0-0: Fly out, F7 (Flyball, 7D)
|
Batting: RHB Will Acuff
|
0-0: Ball 1-0: Ball 2-0: Foul Ball, location: 2F 2-1: Swinging Strike 2-2: Strikes out swinging
|
Batting: RHB Reed Allen
|
0-0: Called Strike 0-1: Called Strike 0-2: Ball 1-2: Ball 2-2: Foul Ball, location: 2F 2-2: Ball 3-2: Base on Balls Doug Carter to third Denny Dennis to second
|
Batting: RHB Richard Jeffries
|
0-0: Ball 1-0: Ball 2-0: Called Strike 2-1: Foul Ball, location: 2F 2-2: SINGLE (Line Drive, 8LS) Doug Carter scores Denny Dennis to third Reed Allen to second Runner from 3rd tries for Home, SAFE, no throw
|
Pitching: LHP Derek Jacobs
|
|
Batting: RHB Gerald Taylor
|
0-0: Ball 1-0: Swinging Strike 1-1: Ball 2-1: DOUBLE (Line Drive, 9LS) Reed Allen scores Richard Jeffries to third Runner from 3rd tries for Home, SAFE, throw made at trailing runner, OUT at third!
|
Bottom of the 5th over - 5 runs, 5 hits, 0 errors, 0 left on base; Louisiana State 3 - Baylor 10 |
TOP OF THE 6TH |
Louisiana State Tigers batting - Pitching for Baylor Bears : RHP José Aguilar
|
Pitching: RHP José Aguilar
|
|
Batting: LHB Enrique Carrillo
|
0-0: Ball 1-0: Called Strike 1-1: Hit by Pitch
|
Batting: LHB Mark Potter
|
0-0: Called Strike 0-1: SINGLE (Line Drive, 89S) Enrique Carrillo to second
|
Batting: LHB Rick Owens
|
0-0: Foul Ball, location: 2F 0-1: Ball 1-1: Foul Ball, location: 2F 1-2: Ball 2-2: Fly out, F8 (Flyball, 8LD)
|
Batting: LHB José Soriano
|
0-0: Swinging Strike 0-1: Called Strike 0-2: Strikes out looking
|
Batting: RHB Bill Sharp
|
0-0: Ball 1-0: Called Strike 1-1: SINGLE (Line Drive, 8LS) Enrique Carrillo to third Mark Potter to second Runner from 3rd tries for Home, SAFE, no throw
|
Batting: RHB Ethan Ramos
|
0-0: Called Strike 0-1: Ball 1-1: Ground out 4-3 (Groundball, 4)
|
Top of the 6th over - 1 run, 2 hits, 0 errors, 2 left on base; Louisiana State 4 - Baylor 10 |
BOTTOM OF THE 6TH |
Baylor Bears batting - Pitching for Louisiana State Tigers : LHP Derek Jacobs
|
Batting: LHB Sergio García
|
0-0: Hit by Pitch
|
Batting: LHB Alan Jones
|
0-0: Ball 1-0: Called Strike 1-1: Ball 2-1: Ball 3-1: Base on Balls Sergio García to second
|
Batting: RHB Doug Carter
|
0-0: Called Strike 0-1: Swinging Strike 0-2: Ball 1-2: Strikes out swinging
|
Batting: RHB Denny Dennis
|
0-0: Ball 1-0: Called Strike 1-1: Ball 2-1: Ball 3-1: Base on Balls Sergio García to third Alan Jones to second
|
Batting: RHB Will Harris
|
0-0: Ball 1-0: Called Strike 1-1: Ball 2-1: Fly out, F8 (Flyball, 89D) Runner from 3rd tags up, SCORES, no throw Alan Jones to third
|
Batting: RHB Will Acuff
|
0-0: Ball 1-0: Ball 2-0: Ball 3-0: Base on Balls Denny Dennis to second
|
Batting: RHB Reed Allen
|
0-0: Fly out, F8 (Line Drive, 8RM)
|
Bottom of the 6th over - 1 run, 0 hits, 0 errors, 3 left on base; Louisiana State 4 - Baylor 11 |
TOP OF THE 7TH |
Louisiana State Tigers batting - Pitching for Baylor Bears : RHP José Aguilar
|
Batting: RHB Fernando Rodríguez
|
0-0: Ball 1-0: Called Strike 1-1: Foul Ball, location: 2F 1-2: Ball 2-2: Ball 3-2: Base on Balls
|
Batting: RHB Devin Taylor
|
0-0: Ball 1-0: Called Strike Throwing error on steal attempt, E2 Fernando Rodríguez to third 1-1: Ball 2-1: Ball Wild Pitch! Fernando Rodríguez scores 3-1: Base on Balls
|
Batting: LHB Jerry Flatt
|
0-0: Called Strike 0-1: Called Strike 0-2: Ball 1-2: Ball 2-2: Ball 3-2: Base on Balls Devin Taylor to second
|
Batting: LHB Enrique Carrillo
|
0-0: Ball 1-0: Called Strike 1-1: Fielders Choice at 2nd, 4-6 (Groundball, 4) Devin Taylor to third
|
Pitching: LHP David Pérez
|
|
Batting: LHB Mark Potter
|
0-0: Ball 1-0: Foul Ball, location: 2F 1-1: Ball 2-1: SINGLE (Groundball, 34) (infield hit) Devin Taylor scores Enrique Carrillo to second
|
Batting: LHB Rick Owens
|
0-0: Called Strike 0-1: Called Strike 0-2: Ball 1-2: Ball 2-2: Fly out, F9 (Flyball, 9)
|
Batting: LHB José Soriano
|
0-0: Ball 1-0: Ball 2-0: Ball 3-0: Called Strike 3-1: Foul Ball, location: 2F 3-2: Foul Ball, location: 2F 3-2: SINGLE (Line Drive, 34) Enrique Carrillo to third Mark Potter to second Enrique Carrillo scores Mark Potter to third
|
Batting: RHB Bill Sharp
|
0-0: Swinging Strike 0-1: SINGLE (Groundball, 56D) Mark Potter scores José Soriano to second
|
Batting: RHB Ethan Ramos
|
0-0: Foul Ball, location: 2F 0-1: Ball 1-1: Called Strike 1-2: 3-RUN HOME RUN (Flyball, 8RXD), Distance : 401 ft
|
Pitching: LHP Eduardo Álvarez
|
|
Batting: RHB Fernando Rodríguez
|
0-0: Called Strike 0-1: Ball 1-1: Called Strike 1-2: Strikes out swinging
|
Top of the 7th over - 7 runs, 4 hits, 1 error, 0 left on base; Louisiana State 11 - Baylor 11 |
BOTTOM OF THE 7TH |
Baylor Bears batting - Pitching for Louisiana State Tigers : LHP Derek Jacobs
|
Batting: RHB Richard Jeffries
|
0-0: Called Strike 0-1: Ball 1-1: Ball 2-1: Ball 3-1: Base on Balls
|
Batting: RHB Gerald Taylor
|
0-0: Ball 1-0: Ball 2-0: Ball 3-0: Called Strike 3-1: Base on Balls Richard Jeffries to second
|
Batting: LHB Sergio García
|
0-0: Fly out, F7 (Flyball, 78D)
|
Batting: LHB Alan Jones
|
0-0: Called Strike 0-1: Fielders Choice at 2nd, 1-6 (Groundball, P) Richard Jeffries to third
|
Batting: RHB Doug Carter
|
0-0: Swinging Strike 0-1: Swinging Strike 0-2: Ball 1-2: Strikes out swinging
|
Bottom of the 7th over - 0 runs, 0 hits, 0 errors, 2 left on base; Louisiana State 11 - Baylor 11 |
TOP OF THE 8TH |
Louisiana State Tigers batting - Pitching for Baylor Bears : LHP Eduardo Álvarez
|
Batting: RHB Devin Taylor
|
0-0: Ball 1-0: Foul Ball, location: 2F 1-1: Fly out, F4 (Line Drive, 4)
|
Batting: LHB Jerry Flatt
|
0-0: Fly out, F8 (Flyball, 89M)
|
Batting: LHB Enrique Carrillo
|
0-0: Ball 1-0: Called Strike 1-1: SINGLE (Groundball, 34D)
|
Pinch Hitting: RHB Eugene Hood
|
0-0: Ball 1-0: Ball 2-0: Ball 3-0: Base on Balls Enrique Carrillo to second
|
Batting: LHB Rick Owens
|
0-0: Foul Ball, location: 2F 0-1: Foul Ball, location: 2F 0-2: 3-RUN HOME RUN (Flyball, 9D), Distance : 360 ft
|
Pitching: RHP John Dukes
|
|
Batting: LHB José Soriano
|
0-0: Ball 1-0: Ball 2-0: Foul Ball, location: 2F 2-1: Foul Ball, location: 2F 2-2: Ball 3-2: Foul Ball, location: 2F 3-2: Base on Balls
|
Pitching: RHP Tony Reynolds
|
|
Batting: RHB Bill Sharp
|
0-0: Ball 1-0: Ball 2-0: Ball 3-0: Base on Balls José Soriano to second
|
Batting: RHB Ethan Ramos
|
0-0: Foul Ball, location: 2F 0-1: Ball 1-1: Foul Ball, location: 2F 1-2: Ball 2-2: Ball 3-2: Base on Balls José Soriano to third Bill Sharp to second
|
Batting: RHB Fernando Rodríguez
|
0-0: Ball 1-0: Fly out, F6 (Popup, 6MD)
|
Top of the 8th over - 3 runs, 2 hits, 0 errors, 3 left on base; Louisiana State 14 - Baylor 11 |
BOTTOM OF THE 8TH |
Baylor Bears batting - Pitching for Louisiana State Tigers : LHP Derek Jacobs
|
Now at 2B: Alberto Vázquez
|
|
Batting: RHB Denny Dennis
|
0-0: Ball 1-0: Ball 2-0: Ground out 5-3 (Groundball, 56D)
|
Batting: RHB Will Harris
|
0-0: Ball 1-0: Ball 2-0: Called Strike 2-1: SINGLE (Line Drive, 6MD)
|
Batting: RHB Will Acuff
|
0-0: Fly out, F6 (Popup, 6M)
|
Batting: RHB Reed Allen
|
0-0: Ball 1-0: Ball 2-0: Ball 3-0: Called Strike 3-1: Reached on error, E6 (Groundball, 6) Will Harris to second
|
Pitching: RHP Wilber Robinson
|
|
Batting: RHB Richard Jeffries
|
0-0: Ball 1-0: Ball 2-0: Ball 3-0: Called Strike 3-1: Foul Ball, location: 2F 3-2: Base on Balls Will Harris to third Reed Allen to second
|
Batting: RHB Gerald Taylor
|
0-0: Called Strike 0-1: Ball 1-1: Ball 2-1: Swinging Strike 2-2: Fielders Choice at 2nd, 6-4 (Groundball, 6)
|
Bottom of the 8th over - 0 runs, 1 hit, 1 error, 3 left on base; Louisiana State 14 - Baylor 11 |
TOP OF THE 9TH |
Louisiana State Tigers batting - Pitching for Baylor Bears : RHP Tony Reynolds
|
Batting: RHB Devin Taylor
|
0-0: Ball 1-0: Foul Ball, location: 2F 1-1: Ball 2-1: Foul Ball, location: 2F 2-2: Strikes out looking
|
Batting: LHB Jerry Flatt
|
0-0: Ball 1-0: DOUBLE (Flyball, 8LXD)
|
Batting: LHB Enrique Carrillo
|
0-0: Intentional Walk
|
Batting: SHB Alberto Vázquez
|
0-0: Ball 1-0: Ball 2-0: Ball 3-0: Base on Balls Jerry Flatt to third Enrique Carrillo to second
|
Batting: LHB Rick Owens
|
0-0: Foul Ball, location: 2F 0-1: Foul Ball, location: 2F 0-2: SINGLE (Flyball, 7LS) Jerry Flatt scores Enrique Carrillo to third Alberto Vázquez to second
|
Batting: LHB José Soriano
|
0-0: Foul Ball, location: 2F 0-1: Foul Ball, location: 2F 0-2: Ball 1-2: Foul Ball, location: 2F 1-2: SINGLE (Groundball, 4D) Enrique Carrillo scores Alberto Vázquez to third Rick Owens to second Runner from 3rd tries for Home, SAFE, no throw
|
Batting: RHB Bill Sharp
|
0-0: Called Strike 0-1: Foul Ball, location: 2F 0-2: Ball 1-2: Foul Ball, location: 2F 1-2: Ball 2-2: Ball 3-2: Base on Balls Rick Owens to third José Soriano to second
|
Batting: RHB Ethan Ramos
|
0-0: SINGLE (Groundball, 4MS) (infield hit) Rick Owens scores José Soriano to third Bill Sharp to second
|
Batting: RHB Fernando Rodríguez
|
0-0: SINGLE (Groundball, 6MD) José Soriano scores Bill Sharp to third Ethan Ramos to second Runner from 3rd tries for Home, SAFE, no throw
|
Batting: RHB Devin Taylor
|
0-0: Ball 1-0: Fielders Choice at 2nd, 6-4 (Groundball, 6) Ethan Ramos to third
|
Batting: LHB Jerry Flatt
|
0-0: Ball 1-0: Ball 2-0: Fly out, F6 (Popup, 56)
|
Top of the 9th over - 6 runs, 5 hits, 0 errors, 2 left on base; Louisiana State 20 - Baylor 11 |
BOTTOM OF THE 9TH |
Baylor Bears batting - Pitching for Louisiana State Tigers : RHP Wilber Robinson
|
Batting: LHB Sergio García
|
0-0: Ball 1-0: Foul Ball, location: 2F 1-1: Ball 2-1: Foul Ball, location: 2F 2-2: Ball 3-2: Foul Ball, location: 2F 3-2: Base on Balls
|
Batting: LHB Alan Jones
|
0-0: Ball 1-0: Swinging Strike 1-1: Ball 2-1: Foul Ball, location: 2F 2-2: Foul Ball, location: 2F 2-2: Ball 3-2: Foul Ball, location: 2F 3-2: Foul Ball, location: 2F 3-2: Base on Balls Sergio García to second
|
Batting: RHB Doug Carter
|
0-0: Ball 1-0: Ball 2-0: Ball 3-0: Called Strike 3-1: Foul Ball, location: 2F 3-2: Base on Balls Sergio García to third Alan Jones to second
|
Batting: RHB Denny Dennis
|
0-0: Foul Ball, location: 2F 0-1: Swinging Strike 0-2: Foul Ball, location: 2F 0-2: Foul Ball, location: 2F 0-2: Ball 1-2: Strikes out looking
|
Batting: RHB Will Harris
|
0-0: Ball 1-0: Fly out, F6 (Popup, 6M)
|
Batting: RHB Will Acuff
|
0-0: Ball 1-0: Ground out 4-3 (Groundball, 4)
|
Bottom of the 9th over - 0 runs, 0 hits, 0 errors, 3 left on base; Louisiana State 20 - Baylor 11 |
|